 Dungeon Crawl Stone Soup version 0.20.1-1-g8b1a95d (webtiles) character file.

6570 bobthegiant the Carver (level 10, -4/91 HPs)
             Began as a Minotaur Fighter on Dec 25, 2017.
             Was a High Priest of Okawaru.
             Slain by a four-headed hydra (7 damage)
             ... on level 1 of the Lair of Beasts.
             The game lasted 00:34:31 (10181 turns).

bobthegiant the Carver (Minotaur Fighter)          Turns: 10181, Time: 00:34:32

Health: -4/91      AC: 13    Str: 24    XL:     10   Next: 70%
Magic:  14/14      EV: 12    Int:  5    God:    Okawaru [*****.]
Gold:   604        SH: 12    Dex: 10    Spells: 9/9 levels left

rFire    + . .     SeeInvis .   x - +1 blowgun
rCold    + . .     Gourm    .   c - +0 shield
rNeg     . . .     Faith    .   D - +4 ring mail of Joy {rC+ rCorr}
rPois    +         Spirit   .   (helmet restricted)
rElec    .         Reflect  +   (no cloak)
rCorr    +         Harm     .   p - +0 pair of gloves
MR       .....                  s - +1 pair of boots
Stlth    ..........             E - +3 amulet of reflection
Regen    0.3/turn               l - ring of protection from fire
MPRegen  0.2/turn               G - ring of poison resistance

@: very slightly contaminated, invisible
A: retaliatory headbutt, horns 2
a: Heroism, Finesse, Renounce Religion


You were on level 1 of the Lair of Beasts.
You worshipped Okawaru.
Okawaru was extremely pleased with you.
You were not hungry.

You visited 3 branches of the dungeon, and saw 11 of its levels.

You collected 604 gold pieces.

Inventory:

Hand Weapons
 a - a +0 long sword
 x - a +1 blowgun (weapon)
Missiles
 e - 311 stones
 y - 45 poisoned needles (quivered)
 F - 5 needles of confusion
 M - 5 needles of sleeping
Armour
 b - a +0 scale mail
 c - a +0 shield (worn)
 p - a +0 pair of gloves (worn)
 s - a +1 pair of boots (worn)
 D - the +4 ring mail of Joy (worn) {rC+ rCorr}
   (You found it on level 6 of the Dungeon)

   It protects you from cold.
   It protects you from acid and corrosion.
Jewellery
 l - a ring of protection from fire (left hand)
 n - an uncursed amulet of harm {unknown}
 q - an uncursed ring of flight
 u - an uncursed ring of positive energy
 E - a +3 amulet of reflection (around neck)
 G - a ring of poison resistance (right hand)
 I - an uncursed ring of magical power
 N - an uncursed amulet of magic regeneration {unknown}
Wands
 A - a wand of iceblast (4/15)
 K - a wand of confusion (24/48)
 L - a wand of clouds (5/9)
 Q - a wand of polymorph (9/24)
 R - a wand of acid (8/15)
 T - a wand of flame (37/48)
Scrolls
 h - 3 scrolls of remove curse
 i - 4 scrolls of teleportation
 j - a scroll of fear {unknown}
 m - 6 scrolls of enchant weapon
 t - 2 scrolls of enchant armour
 w - a scroll of amnesia
 J - 2 scrolls of identify
 O - a scroll of recharging {unknown}
 U - 2 scrolls of random uselessness {unknown}
Potions
 d - a potion of might
 g - a potion of agility
 v - 4 potions of curing
 B - 2 potions of flight {unknown}
 C - 2 potions of resistance
 V - a potion of ambrosia {unknown}
Books
 H - a book of Flames

   Spells                             Type                      Level
   a - Flame Tongue                   Conjuration/Fire             1
   b - Throw Flame                    Conjuration/Fire             2
   c - Conjure Flame                  Conjuration/Fire             3
   d - Inner Flame                    Hexes/Fire                   3
   e - Sticky Flame                   Conjuration/Fire             4
   f - Fireball                       Conjuration/Fire             5
 P - a book of Misfortune

   Spells                             Type                      Level
   a - Confusing Touch                Hexes                        1
   b - Confuse                        Hexes                        3
   c - Gell's Gravitas                Translocation                3
   d - Petrify                        Transmutation/Earth          4
   e - Metabolic Englaciation         Hexes/Ice                    5
   f - Yara's Violent Unravelling     Hexes/Transmutation          5
 W - a book of Debilitation

   Spells                             Type                      Level
   a - Corona                         Hexes                        1
   b - Slow                           Hexes                        2
   c - Inner Flame                    Hexes/Fire                   3
   d - Portal Projectile              Hexes/Translocation          3
   e - Cause Fear                     Hexes                        4
   f - Leda's Liquefaction            Hexes/Earth                  4
Comestibles
 f - 11 bread rations
 o - 3 meat rations
 r - 5 royal jellies
 z - a fruit
 S - 11 chunks of flesh


   Skills:
 + Level 9.3 Fighting
 + Level 12.6 Long Blades
 - Level 3.6 Armour
 + Level 7.8 Dodging
 - Level 3.9 Shields
 + Level 7.0 Invocations


You had 9 spell levels left.
You didn't know any spells.

Dungeon Overview and Level Annotations

Branches:
Dungeon (9/15)             Temple (1/1) D:4            Lair (1/6) D:9
    Orc: D:9-12

Altars:
Ashenzari
Cheibriados
Dithmenos
Elyvilon
Fedhas
Gozag
Hepliaklqana
Kikubaaqudgha
Makhleb
Nemelex Xobeh
Okawaru
Qazlal
Ru
Sif Muna
Trog
Uskayaw
Vehumet
Xom
Yredelemnul
Zin
The Shining One

Annotations:
D:5 exclusion: downstairs
D:6 exclusions: upstairs and 1 more exclusion


Innate Abilities, Weirdness & Mutations

You reflexively headbutt those who attack you in melee.
You have a pair of horns on your head.


Message History

The four-headed hydra resists with almost no effort.
Evoking this partially-identified wand wasted a few charges.
The four-headed hydra bites you but does no damage. x2
The four-headed hydra barely misses you. x2
You fade into invisibility!
The four-headed hydra bites you.
* * * LOW HITPOINT WARNING * * *
The four-headed hydra closely misses you.
The four-headed hydra completely misses you.
The four-headed hydra bites you but does no damage.
You are very lightly contaminated with residual magic.
There is an open door here.
There is an open door here.
There is a staircase back to the Dungeon here.
The four-headed hydra bites you!
* * * LOW HITPOINT WARNING * * *
The four-headed hydra bites you.
* * * LOW HITPOINT WARNING * * *
The four-headed hydra bites you!
You die...

##.........'.#.....
#..........###.....
####'####### .....
#..# ##+## #.P#
#.### ##'#P#####
#.D.......
#@........
#....$....
#.(.......
#.........
##+###.### ##


You could see a four-headed hydra.

Vanquished Creatures
  The ghost of Hylith the Shield-Bearer, a novice HOFi (D:6)
  The ghost of DasRunzen the Skirmisher, a novice DsFi of Okawaru (D:5)
  2 hornets (D:8)
  Grinder (D:6)
  2 hippogriffs
  A spriggan (D:7)
  A wyvern (D:9)
  2 hungry ghosts
  Duvessa (D:5)
  2 orc warriors
  A swamp drake (D:9)
  2 water moccasins (D:8)
  4 ice beasts
  A sky beast (D:5)
  Purgy (D:3)
  2 phantoms
  3 ogres
  3 centaurs
  2 crocodiles (D:9)
  2 bullfrogs
  A wyvern skeleton (D:9)
  Dowan (D:5)
  3 scorpions
  6 killer bees (D:9)
  6 wights
  A howler monkey (D:6)
  5 crimson imps
  3 centaur zombies
  A bullfrog zombie (D:5)
  A centaur skeleton (D:6)
  2 orc wizards
  8 hounds
  An orc priest (D:7)
  3 jellies
  Ijyb (D:4)
  2 iguanas
  10 worker ants
  A hound zombie (D:8)
  A hound skeleton (D:7)
  A howler monkey zombie (D:6)
  11 adders
  2 shadow imps
  3 adder skeletons
  An adder zombie (D:9)
  2 worms (D:2)
  11 dart slugs
  6 leopard geckos
  21 orcs
  A bat skeleton (D:3)
  A bat zombie (D:3)
  10 giant cockroaches
  5 goblins
  4 hobgoblins
  14 jackals
  3 quokkas
  A ball python (D:1)
  3 bats
  2 frilled lizards
  3 kobolds
  A quokka skeleton (D:4)
  6 rats
204 creatures vanquished.

Vanquished Creatures (others)
  A human (D:6)
1 creature vanquished.

Grand Total: 205 creatures vanquished

Notes
Turn   | Place    | Note
-------+----------+-------------------------------------------
     0 | D:1      | bobthegiant the Minotaur Fighter began the quest for the Orb.
     0 | D:1      | Reached XP level 1. HP: 19/19 MP: 0/0
   283 | D:1      | Reached XP level 2. HP: 20/27 MP: 1/1
   684 | D:1      | Reached skill level 3 in Long Blades
   807 | D:2      | Reached XP level 3. HP: 10/33 MP: 2/2
  1092 | D:2      | Reached skill level 4 in Long Blades
  1447 | D:2      | Reached XP level 4. HP: 22/40 MP: 3/3
  1756 | D:3      | Noticed Purgy
  1780 | D:3      | Killed Purgy
  1780 | D:3      | Reached skill level 6 in Long Blades
  1780 | D:3      | Reached XP level 5. HP: 26/46 MP: 4/4
  2850 | D:3      | Reached skill level 7 in Long Blades
  3030 | D:4      | Noticed Ijyb
  3049 | D:4      | Killed Ijyb
  3072 | D:4      | Reached XP level 6. HP: 41/52 MP: 5/5
  3565 | D:4      | Found a staircase to the Ecumenical Temple.
  3574 | Temple   | Entered the Ecumenical Temple
  3647 | Temple   | Became a worshipper of Warmaster Okawaru
  4065 | D:5      | Entered Level 5 of the Dungeon
  4071 | D:5      | Reached skill level 8 in Long Blades
  4302 | D:5      | Found Hubul's General Store.
  4311 | D:5      | Reached skill level 9 in Long Blades
  4311 | D:5      | Reached XP level 7. HP: 47/58 MP: 6/6
  4419 | D:5      | Reached * piety under Okawaru
  4709 | D:5      | Reached skill level 1 in Dodging
  4709 | D:5      | Reached skill level 1 in Invocations
  4815 | D:5      | Noticed DasRunzen's ghost (novice DsFi)
  4837 | D:5      | Killed DasRunzen's ghost
  4837 | D:5      | Reached ** piety under Okawaru
  4837 | D:5      | Reached skill level 5 in Fighting
  4837 | D:5      | Reached skill level 10 in Long Blades
  4837 | D:5      | Reached XP level 8. HP: 21/68 MP: 4/8
  5125 | D:5      | Noticed Duvessa
  5125 | D:5      | Noticed Dowan
  5154 | D:5      | Killed Duvessa
  5162 | D:5      | Killed Dowan
  6301 | D:6      | Reached *** piety under Okawaru
  6301 | D:6      | Reached XP level 9. HP: 30/78 MP: 9/11
  6579 | D:6      | Found an ancient bone altar of Kikubaaqudgha.
  6596 | D:6      | Noticed Hylith's ghost (novice HOFi)
  6617 | D:6      | Killed Hylith's ghost
  6617 | D:6      | Reached skill level 11 in Long Blades
  6617 | D:6      | Reached skill level 5 in Dodging
  6780 | D:6      | Noticed Grinder
  6789 | D:6      | Paralysed by Grinder for 6 turns
  6798 | D:6      | Killed Grinder
  7004 | D:6      | Got an ichor-stained ring mail
  7032 | D:6      | Identified the +4 ring mail of Joy {rC+ rCorr} (You found it on level 6 of the Dungeon)
  7196 | D:7      | Reached skill level 5 in Invocations
  7336 | D:7      | Found a radiant altar of Vehumet.
  7389 | D:7      | Reached **** piety under Okawaru
  7557 | D:7      | Received a gift from Okawaru
  7886 | D:8      | Paralysed by a hornet for 1 turns
  7888 | D:8      | Reached XP level 10. HP: 23/88 MP: 10/13
  8640 | D:8      | Found a shadowy altar of Dithmenos.
  8793 | D:8      | Found a basalt altar of Yredelemnul.
  8795 | D:8      | Found an opulent altar of Gozag.
  8825 | D:8      | Reached skill level 12 in Long Blades
  9312 | D:9      | Found a sparkling altar of Nemelex Xobeh.
  9584 | D:9      | Found a burning altar of Makhleb.
  9609 | D:9      | Found a stormy altar of Qazlal.
  9799 | D:9      | Reached ***** piety under Okawaru
 10076 | D:9      | Found a staircase to the Lair.
 10132 | Lair:1   | Entered Level 1 of the Lair of Beasts
 10151 | Lair:1   | Noticed a four-headed hydra
 10181 | Lair:1   | HP: 3/91 [four-headed hydra (5)]
 10181 | Lair:1   | Slain by a four-headed hydra

Skill      XL: |  1  2  3  4  5  6  7  8  9 10 |
---------------+-------------------------------+-----
Long Blades    | 3 4 6 7 9 10 11 12 | 12.6
Fighting       | 5 6 8 9 |  9.3
Dodging        | 2 4 6 7 |  7.8
Invocations    | 2 4 5 7 |  7.0
Armour         | |  3.6
Shields        | |  3.9

Action                   |  1- 3 |  4- 6 |  7- 9 | 10-12 || total
-------------------------+-------+-------+-------+-------++-------
Melee: Long sword        |    73 |   155 |   297 |   188 ||   713
       Headbutt          |    13 |    29 |    72 |    48 ||   162
       Punch             |       |       |     2 |     1 ||     3
 Fire: Blowgun           |       |       |       |     1 ||     1
Throw: Stone             |       |       |     1 |       ||     1
Invok: Heroism           |       |       |     4 |     3 ||     7
Evoke: Wand              |       |       |       |     4 ||     4
  Use: Scroll            |       |       |    13 |       ||    13
       Potion            |       |       |       |     1 ||     1
  Eat: Chunk             |     2 |     8 |    12 |     6 ||    28
       Fruit             |       |       |     1 |       ||     1
       Bread ration      |       |       |       |     1 ||     1
Armor: Scale mail        |    34 |    86 |    79 |       ||   199
       Ring mail         |       |       |    21 |    70 ||    91
Dodge: Dodged            |    32 |    82 |   154 |   123 ||   391
Block: Shield            |    24 |       |    18 |       ||    42
       Reflection        |       |       |    12 |     1 ||    13
       Other             |       |       |    16 |    17 ||    33
       Rpst.: Long sword |    10 |    23 |    44 |    24 ||   101
